 Dungeon Crawl Stone Soup version 0.29.1-1-gd02db6906a (webtiles) character file.

Game seed: 1998166487862111011

2 Colgate the Chiller (level 1, -1/13 HPs)
             Began as a Barachi Ice Elementalist on Oct 14, 2022.
             Slain by an adder (2 damage)
             ... on level 2 of the Dungeon.
             The game lasted 00:00:33 (124 turns).

Colgate the Chiller (Barachi Ice Elementalist)       Turns: 124, Time: 00:00:33

Health: -1/13      AC:  2    Str:  9    XL:     1   Next: 40%
Magic:  0/3        EV: 12    Int: 15    God:
Gold:   14         SH:  0    Dex: 12    Spells: 3/4 levels left

rFire   . . .      SeeInvis .   (no weapon)
rCold   . . .      Faith    .   (no shield)
rNeg    . . .      Spirit   .   a - +0 robe
rPois   .          Reflect  .   (no helmet)
rElec   .          Harm     .   (no cloak)
rCorr   .          Rampage  .   (no gloves)
Will    .....                   (no boots)
Stlth   ++........              (no amulet)
HPRegen 0.04/turn               (no ring)
MPRegen 0.08/turn               (no ring)

@: lethally poisoned (-1 -> -2), unable to hop, slow
A: amphibious, slowness 1, strong legs 1, +LOS
a: Hop


You were on level 2 of the Dungeon.
You visited 1 branch of the dungeon, and saw 2 of its levels.

You collected 14 gold pieces.

Inventory:

Armour
 a - a +0 robe (worn)
Scrolls
 c - a scroll of identify {@r1}
Potions
 b - a potion of magic


   Skills:
 - Level 2.1 Dodging
 - Level 1.7 Stealth
 - Level 2.1 Spellcasting
 + Level 5.0 Ice Magic


You had 3 spell levels left.
You knew the following spells:

 Your Spells              Type           Power      Damage    Failure   Level
a - Freeze                Ice            64%        1d8       2%          1

Your spell library contained the following spells:

 Spells                   Type           Power      Damage    Failure   Level
 Frozen Ramparts          Ice            32%        1d5       9%          3
 Ozocubu's Armour         Ice            16%        N/A       9%          3
 Hailstorm                Conj/Ice       9%         3d4       61%         4


Dungeon Overview and Level Annotations

Branches:
Dungeon (1/15)

Altars:


Innate Abilities, Weirdness & Mutations

You are amphibious.
You cover ground slowly.
You can hop short distances.
You have an extended range of vision and can be seen from far away.


Message History

You fall into a shaft and drop 1 floor!
The shaft crumbles and collapses.
No target in view!
An adder comes into view.
Found 6 stones.
The adder hisses angrily.
An adder comes into view.
The adder hisses angrily.
Casting: Freeze (safe; 2% risk of failure)
Aiming: Freeze (safe; 2% risk of failure)
Aim: an adder You freeze the adder!
The adder bites you.
You are poisoned.
The adder poisons you!
Casting: Freeze (safe; 2% risk of failure)
Aiming: Freeze (safe; 2% risk of failure)
Aim: an adder (heavily wounded)
You freeze the adder.
You feel sick. The adder closely misses you.
Casting: Freeze (safe; 2% risk of failure)
Aiming: Freeze (safe; 2% risk of failure)
Aim: an adder (severely wounded)
You freeze the adder.
You feel sick. The adder misses you. The adder bites you.
The adder closely misses you. The adder bites you.
Casting: Freeze (safe; 2% risk of failure)
You don't have enough magic to cast this spell.
Hop to where?
Boing!
You feel sick.
Okay, then.
As you read the scroll labelled SIEBLAKLUSS, it crumbles to dust.
It is a scroll of identify.
You don't have any unidentified items.
* * * LOW HITPOINT WARNING * * *
You feel sick.
You hit the adder but do no damage.
* * * LOW HITPOINT WARNING * * *
You feel sick. The adder barely misses you. The adder closely misses you. x2
You closely miss the adder.
* * * LOW HITPOINT WARNING * * *
You feel sick. The adder bites you.
You die...

#.##.#.#.#
#(#........#
#........#
#.### #.#.##
#....####
#.......+
#SS..####
#@#.##
#..### #.##
#. #. #. #.
##


You could see 2 adders.

Vanquished Creatures
  An endoplasm (D:1)
  A quokka (D:1)
2 creatures vanquished.

Notes
Turn   | Place    | Note
-------+----------+-------------------------------------------
     0 | D:1      | Colgate the Barachi Ice Elementalist began the quest for
                  | the Orb.
     0 | D:1      | Reached XP level 1. HP: 13/13 MP: 3/3
    90 | D:1      | Reached skill level 5 in Ice Magic
   109 | D:1      | You fall into a shaft and drop 1 floor!
   124 | D:2      | Slain by an adder

Illustrated notes

Levels and vault maps discovered:
D:1:      mrwooster_arrival_statue_3, layout_basic, minmay_misc_feat_columns
D:2:      layout_loops_corners

Skill      XL: |  1 |
---------------+----+-----
Ice Magic      | 5 |  5.0
Dodging        | |  2.1
Stealth        | |  1.7
Spellcasting   | |  2.1

Action                   || total
-------------------------++-------
Melee: Unarmed           ||     2
 Cast: Freeze            ||     5
 Abil: Hop               ||     1
  Use: Scroll            ||     1
Dodge: Dodged            ||     6
